 Dungeon Crawl Stone Soup version 0.29-a0-275-g389c0b56f3 (webtiles) character file.

Game seed: 10367646238097623735

606 enile the Gusty (level 6, 0/52 HPs)
             Began as a Demigod Air Elementalist on Mar 11, 2022.
             Slain by a black bear (9 damage)
             ... on level 5 of the Dungeon.
             The game lasted 00:05:40 (5167 turns).

enile the Gusty (Demigod Air Elementalist)          Turns: 5167, Time: 00:05:40

Health: 0/52       AC:  2    Str:  9    XL:     6   Next: 98%
Magic:  0/11       EV: 13    Int: 25    God:
Gold:   298        SH:  0    Dex: 14    Spells: 3/9 levels left

rFire   . . .      SeeInvis .   h - +0 dagger
rCold   . . .      Faith    .   (no shield)
rNeg    . . .      Spirit   +   a - +0 robe
rPois   .          Reflect  .   (no helmet)
rElec   .          Harm     .   p - scarf {repulsion}
rCorr   .          Rampage  .   (no gloves)
Will    +....                   (no boots)
Stlth   ++........              l - amulet of guardian spirit
HPRegen 0.17/turn               n - ring of willpower
MPRegen 0.12/turn               (no ring)

@: repel missiles
A: high MP 1, forlorn, divine attributes
a: no special abilities


You were on level 5 of the Dungeon.
You visited 1 branch of the dungeon, and saw 5 of its levels.

You collected 298 gold pieces.

Inventory:

Hand Weapons
 h - a +0 dagger (weapon)
Missiles
 g - 10 poisoned darts
 q - 5 curare-tipped darts (quivered)
Armour
 a - a +0 robe (worn)
 p - a scarf of repulsion (worn)
Magical Staves
 o - a staff of fire
Jewellery
 l - an amulet of guardian spirit (around neck)
 n - a ring of willpower (left hand)
Wands
 b - a wand of digging (2)
Scrolls
 c - 2 scrolls of teleportation
 d - a scroll of vulnerability
 j - 3 scrolls of amnesia {unknown}
 r - a scroll of immolation
 s - a scroll of enchant armour
Potions
 e - 2 potions of mutation {unknown}
 f - a potion of degeneration {unknown}
 i - a potion of cancellation {unknown}
 k - a potion of lignification {unknown}
 m - 3 potions of heal wounds {unknown}


   Skills:
 - Level 4.0 Fighting
 - Level 2.0 Armour
 - Level 3.0 Dodging
 - Level 2.0 Stealth
 - Level 2.0 Spellcasting
 - Level 0.8 Conjurations
 + Level 1.0 Fire Magic
 - Level 5.0 Air Magic


You had 3 spell levels left.
You knew the following spells:

 Your Spells              Type           Power      Damage    Failure   Level
a - Shock                 Conj/Air       68%        1d7       3%          1
b - Static Discharge      Conj/Air       17%        N/A       4%          2
c - Inner Flame           Hex/Fire       5%         N/A       26%         3

Your spell library contained the following spells:

 Spells                   Type           Power      Damage    Failure   Level
 Swiftness                Air            27%        N/A       4%          3
 Foxfire                  Conj/Fire      28%        2x1d5     8%          1
 Conjure Flame            Conj/Fire      7%         6-21      22%         3
 Ignite Poison            Fire/Tmut/Pois 4%         N/A       28%         3
 Airstrike                Air            13%        N/A       14%         4
 Flame Wave               Conj/Fire      7%         2d5       58%         4
 Sticky Flame             Conj/Fire      7%         2d3       58%         4


Dungeon Overview and Level Annotations

Branches:
Dungeon (5/15)
 Temple: D:4-7

Shops:
D:4 [


Innate Abilities, Weirdness & Mutations

You have an increased reservoir of magic. (+10% MP)
You shall have no god before yourself.
Your divine heritage dramatically boosts your attributes as you level up.


Message History

Aim: a black bear (68% to hit)
You throw a curare-tipped dart.
The curare-tipped dart hits the black bear.
The black bear is poisoned.
The black bear convulses.
The black bear seems to slow down.
The black bear is moderately wounded.
Casting: Static Discharge (safe; 4% risk of failure)
Confirm with . or Enter, or press ? or * to list all spells.
Aiming: Shock (safe; 3% risk of failure)
Press: ? - help, Shift-Dir - straight line, f/p - black bear
Aim: a black bear (heavily wounded, very poisoned, slow, 79% to hit)
The zap hits the black bear.
The black bear is heavily wounded.
Casting: Shock (safe; 3% risk of failure)
Confirm with . or Enter, or press ? or * to list all spells.
The black bear is struck by an arc of lightning.
The black bear is severely wounded.
You are struck by an arc of lightning.
The lightning grounds out.
The black bear shakes off its lethargy.
The black bear goes berserk!
The black bear closely misses you. x2; The black bear barely misses you.
The black bear misses you. The black bear claws you.
The black bear claws you but does no damage.
Casting: Static Discharge (safe; 4% risk of failure)
Confirm with . or Enter, or press ? or * to list all spells.
The black bear is struck by an arc of lightning.
The black bear is almost dead.
The lightning grounds out.
The black bear bites you! The black bear claws you! x2
The black bear bites you. The black bear barely misses you.
The black bear claws you. The black bear barely misses you.
The black bear claws you!
* * * LOW HITPOINT WARNING * * *
The black bear closely misses you.
Casting: Static Discharge (safe; 4% risk of failure)
Confirm with . or Enter, or press ? or * to list all spells.
The black bear is struck by an arc of lightning.
The black bear is almost dead.
You are struck by an arc of lightning.
* * * LOW HITPOINT WARNING * * *
The lightning grounds out.
The black bear bites you!
You die...

##### ....# ....# ##########
....#######........##############
....'>...........................
...(######.........####.#########
##### #.........# #.# #####
#......@..# #.# ....# #....[..h.#
#.# ###.# ##...)....# #.# #.#
#.......(# #+# #.# #........# #.#
####.##### ###'### ... ......#
... ......#


You could see a black bear (berserk, poisoned).

Vanquished Creatures
  Sigmund (D:4)
  A scorpion (D:4)
  A jelly (D:5)
  4 hounds
  Natasha (thrice) (D:3)
  Robin (D:4)
  7 adders
  3 dart slugs
  3 orcs
  4 bats
  11 endoplasms
  3 giant cockroaches
  10 goblins
  6 hobgoblins
  7 quokkas
  9 ball pythons
  4 frilled lizards
  6 kobolds
  5 rats
89 creatures vanquished.

Vanquished Creatures (others)
  5 plants
5 creatures vanquished.

Grand Total: 94 creatures vanquished

Notes
Turn   | Place    | Note
-------+----------+-------------------------------------------
     0 | D:1      | enile the Demigod Air Elementalist began the quest for the
                  | Orb.
     0 | D:1      | Reached XP level 1. HP: 14/14 MP: 5/5
   125 | D:1      | Reached skill level 1 in Fighting
   400 | D:1      | Reached XP level 2. HP: 23/23 MP: 4/7
  1416 | D:2      | Reached XP level 3. HP: 28/29 MP: 2/8
  1419 | D:2      | Learned a level 2 spell: Static Discharge
  2208 | D:3      | Noticed Natasha
  2214 | D:3      | Killed Natasha
  2215 | D:3      | Reached skill level 3 in Air Magic
  2215 | D:3      | Reached XP level 4. HP: 29/38 MP: 0/9
  2901 | D:3      | Noticed Natasha
  2905 | D:3      | Killed Natasha
  2921 | D:3      | Noticed Natasha
  2927 | D:3      | Killed Natasha
  2928 | D:3      | Reached skill level 4 in Air Magic
  2928 | D:3      | Reached XP level 5. HP: 36/45 MP: 2/10
  3419 | D:4      | Found Zelian's Antique Armour Emporium.
  3652 | D:4      | Noticed Sigmund
  3664 | D:4      | Killed Sigmund
  3665 | D:4      | Reached skill level 5 in Air Magic
  3665 | D:4      | Reached XP level 6. HP: 52/52 MP: 2/11
  3763 | D:4      | Noticed Robin
  3776 | D:4      | Killed Robin
  4014 | D:4      | Reached skill level 1 in Armour
  4618 | D:5      | Entered Level 5 of the Dungeon
  4723 | D:5      | Learned a level 3 spell: Inner Flame
  5020 | D:5      | Reached skill level 1 in Fire Magic
  5167 | D:5      | Slain by a black bear

Illustrated notes

Levels and vault maps discovered:
D:1:      amcnicky_arrival_double_pillar, layout_rooms, serial_forest,
          infiniplex_forest_clump_medium, infiniplex_forest_clump_small,
          infiniplex_forest_clump_curved, infiniplex_forest_lined_3,
          infiniplex_forest_pool
D:2:      layout_rooms, ebering_ecumenical_altar_webs
D:3:      layout_loops_ring, serial_bayou_pond_d, uniq_natasha
D:4:      layout_loops_ring, kennysheep_mini_moat, serial_shops,
          nicolae_stop_n_shop_2, dreamdust_princess_bridge, uniq_robin,
          uniq_sigmund
D:5:      layout_basic, minmay_temple_entry_nine_rooms

Skill      XL: |  1  2  3  4  5  6 |
---------------+-------------------+-----
Fighting       | 1 2 3 4 |  4.0
Spellcasting   | 2 |  2.0
Dodging        | 2 3 |  3.0
Stealth        | 2 |  2.0
Air Magic      | 3 4 5 |  5.0
Armour         | 2 |  2.0
Fire Magic     | 1 |  1.0
Conjurations   | |  0.8

Action                   |  1- 3 |  4- 6 || total
-------------------------+-------+-------++-------
Melee: Unarmed           |     8 |       ||     8
       Dagger            |    11 |     1 ||    12
Throw: Dart              |       |     1 ||     1
 Cast: Shock             |   108 |   119 ||   227
       Static Discharge  |     2 |    17 ||    19
  Use: Scroll            |       |     5 ||     5
       Potion            |       |     1 ||     1
Armor: Robe              |     2 |     3 ||     5
Dodge: Dodged            |    14 |    34 ||    48
       Repelled          |       |     1 ||     1

Table legend: (Time is in decaauts)
 A = Elapsed time spent in this place.
 B = Non-inter-level travel time spent in this place.
 C = Inter-level travel time spent in this place.
 D = Time resting spent in this place.
 E = Time spent auto-exploring this place.
 F = Levels seen in this place.
 G = Mean time per level.
                   A        B        C        D        E       F      G
               +--------+--------+--------+--------+--------+-----+--------+
         Total |   5174 |   4915 |    259 |      0 |   4394 |   5 | 1034.8 |
       Dungeon |   5174 |   4915 |    259 |      0 |   4394 |   5 | 1034.8 |
               +--------+--------+--------+--------+--------+-----+--------+

Top non-repeatable levels by time:
     D:3: 1254 daAuts
     D:1: 1226 daAuts
     D:4: 1198 daAuts
     D:2: 946 daAuts
     D:5: 548 daAuts
